 Dungeon Crawl Stone Soup version 0.29-a0-25-g7f48f510a0 (webtiles) character file.

Game seed: 1991153172501179988

0 Bosse the Firebug (level 1, -1/13 HPs)
             Began as a Demonspawn Fire Elementalist on Jan 31, 2022.
             Slain by a quokka (5 damage)
             ... on level 1 of the Dungeon.
             The game lasted 00:01:07 (64 turns).

Bosse the Firebug (Demonspawn Fire Elementalist)      Turns: 64, Time: 00:01:07

Health: -1/13      AC:  2    Str:  8    XL:     1   Next: 8%
Magic:  0/3        EV: 12    Int: 16    God:
Gold:   0          SH:  0    Dex: 13    Spells: 3/4 levels left

rFire   . . .      SeeInvis .   (no weapon)
rCold   . . .      Faith    .   (no shield)
rNeg    . . .      Spirit   .   a - +0 robe
rPois   .          Reflect  .   (no helmet)
rElec   .          Harm     .   (no cloak)
rCorr   .          Rampage  .   (no gloves)
Will    .....                   (no boots)
Stlth   ++........              (no amulet)
HPRegen 0.04/turn               (no ring)
MPRegen 0.08/turn               (no ring)

@: no status effects
A: no striking features
a: no special abilities


You were on level 1 of the Dungeon.
You visited 1 branch of the dungeon, and saw 1 of its levels.

Inventory:

Armour
 a - a +0 robe (worn)
Scrolls
 b - a scroll of identify {unknown}


   Skills:
 + Level 1.7 Dodging
 + Level 1.7 Stealth
 + Level 2.0 Spellcasting
 + Level 1.1 Conjurations
 + Level 2.6 Fire Magic


You had 3 spell levels left.
You knew the following spells:

 Your Spells              Type           Power      Damage    Failure   Level
a - Foxfire               Conj/Fire      28%        2x1d5     10%         1

Your spell library contained the following spells:

 Spells                   Type           Power      Damage    Failure   Level
 Scorch                   Fire           20%        2d6       11%         2
 Conjure Flame            Conj/Fire      7%         6-21      28%         3
 Inner Flame              Hex/Fire       5%         N/A       34%         3
 Flame Wave               Conj/Fire      7%         2d5       67%         4


Dungeon Overview and Level Annotations

Branches:
Dungeon (1/15)

Altars:


Message History

The dart slug briefly extends its eye-stalks.
Found 16 gold pieces.
Found a stone staircase leading down.
Found 18 stones.
The quokka misses you.
You can't go up here!
Casting: Foxfire (safe; 10% risk of failure)
Confirm with . or Enter, or press ? or * to list all spells.
You conjure some foxfire!
The quokka barely misses you.
The foxfire hits the quokka.
The quokka is lightly wounded.
The foxfire hits the quokka.
The quokka is moderately wounded.
The quokka completely misses you.
Casting: Foxfire (safe; 10% risk of failure)
Confirm with . or Enter, or press ? or * to list all spells.
You conjure some foxfire!
The quokka barely misses you.
Your foxfire dissipates!
The foxfire hits the quokka.
The quokka is severely wounded.
The quokka completely misses you. The quokka barely misses you.
You see here a ball python corpse.
The quokka barely misses you.
Casting: Foxfire (safe; 10% risk of failure)
Confirm with . or Enter, or press ? or * to list all spells.
You don't have enough magic to cast this spell.
The dart slug launches a dart at you. The slug dart hits you.
The dart slug completely misses you.
There is a large open door here.
There is a large open door here.
The quokka bites you.
The dart slug bites you but does no damage.
The quokka closely misses you. The dart slug launches a dart at you.
The slug dart hits you.
Casting: Foxfire (safe; 10% risk of failure)
Confirm with . or Enter, or press ? or * to list all spells.
You conjure some foxfire!
The quokka bites you.
You die...

#..!........#..#
#####..#.#(#.#.....# .
###.........# .#...#.# .$
#...........# ......#...
#.#.###.##..####.........
#†##...............
#.##...............
#.########.....#.>
#.....r@v..###...#
##..w####### ##.. ##''#
#..# ###''### #......#
#.≈≈≈≈.# #.≈≈≈≈.#
#......#


You could see a dart slug and a quokka (ally target).

Vanquished Creatures
  A ball python (D:1)
1 creature vanquished.

Vanquished Creatures (others)
  6 foxfires (D:1)
6 creatures vanquished.

Grand Total: 7 creatures vanquished

Notes
Turn   | Place    | Note
-------+----------+-------------------------------------------
     0 | D:1      | Bosse the Demonspawn Fire Elementalist began the quest for
                  | the Orb.
     0 | D:1      | Reached XP level 1. HP: 13/13 MP: 3/3
    64 | D:1      | Slain by a quokka

Illustrated notes

Levels and vault maps discovered:
D:1:      lightli_arrival_lavapool, layout_loops_ring,
          hellmonk_ecumenical_altar_heavens_door

Action                   || total
-------------------------++-------
 Cast: Foxfire           ||     5
Armor: Robe              ||     1
Dodge: Dodged            ||     9

Table legend: (Time is in decaauts)
 A = Elapsed time spent in this place.
 B = Non-inter-level travel time spent in this place.
 C = Inter-level travel time spent in this place.
 D = Time resting spent in this place.
 E = Time spent auto-exploring this place.
 F = Levels seen in this place.
 G = Mean time per level.
                   A        B        C        D        E       F      G
               +--------+--------+--------+--------+--------+-----+--------+
         Total |     64 |     64 |      0 |      3 |     18 |   1 |   64.0 |
       Dungeon |     64 |     64 |      0 |      3 |     18 |   1 |   64.0 |
               +--------+--------+--------+--------+--------+-----+--------+

Top non-repeatable levels by time:
     D:1: 64 daAuts
